cohdb
Replays
Latest Replays
All Replays
Popular Replays
Top Player Replays
Match Explorer
How It Works
Community
CoH3 Stats
Reddit
Sign in to upload your games and track your stats! →
Sign in with Steam
Match 41318850
Unlisted
Match 41318850
Overview
Messages
Build Orders
End
Scout Squad
Selects Airborne Battlegroup
Selects Heavy Machine Gun Paradrop
Heavy Machine Gun Paradrop
Construct Barracks
M1 Mortar Team
Air Support Center
Construct Medical Station
Selects Paratrooper Squad Paradrop
Paratrooper Squad Paradrop
Air Supremacy
P-47 Strafing Run
Paratrooper Squad Paradrop
P-47 Dive Bomb
Paratrooper Squad Paradrop
Selects Recon Loiter
Heavy Machine Gun Paradrop
Selects Anti-tank Gun Team Paradrop
Double Sortie
Improved Aircraft Armor
P-47 Strafing Run
Anti-tank Gun Team Paradrop
Recon Loiter
AI Takeover
schultz110
Kylen
runningDuck
I Was Made for Lovin’ You
Scat
AitorEdy
MY BIG FAT ORK WEDDING
SUSTAITA25
0
0
Comments
sign in to comment!
No comments posted yet!